 Dungeon Crawl Stone Soup version 0.19-a0-76-g295c512 (webtiles) character file.

32 Duffy the Chopper (level 3, 0/29 HPs)
             Began as a Demonspawn Fighter on May 12, 2016.
             Succumbed to a hobgoblin's poison
             ... on level 1 of the Dungeon.
             The game lasted 00:01:08 (619 turns).

Duffy the Chopper (Demonspawn Fighter)               Turns: 619, Time: 00:01:10

Health: 0/29       AC:  8    Str: 17    XL:     3   Next: 8%
Magic:  3/3        EV:  6    Int:  9    God:
Gold:   25         SH:  8    Dex: 12    Spells: 0 memorised, 2 levels left

rFire  . . .     SeeInvis .     g - scroll of noise {unknown}
rCold  . . .     Gourm    .     b - +0 scale mail
rNeg   . . .     Faith    .     c - +0 shield
rPois  .         Spirit   .     (no helmet)
rElec  .         Dismiss  .     (no cloak)
rCorr  .         Reflect  .     e - +0 pair of gloves
SustAt .         Harm     .     (no boots)
MR     .....                    (no amulet)
Stlth  +.........               (no ring)
                                (no ring)

@: lethally poisoned (0 -> -1), very slightly contaminated, not resistant to
hostile enchantments, very unstealthy
A: rugged brown scales 1, nightstalker 1
a: no special abilities


You were on level 1 of the Dungeon.
You were not hungry.

You visited 1 branch of the dungeon, and saw 2 of its levels.

You collected 25 gold pieces.


Innate Abilities, Weirdness & Mutations

You are partially covered in rugged brown scales (AC +1, +3% HP).
You are slightly more attuned to the shadows.


   Skills:
 - Level 3.0 Fighting
 + Level 3.2 Axes
 - Level 2.6 Armour
 - Level 2.6 Shields


You had 2 spell levels left.
You didn't know any spells.

Inventory:

Hand Weapons
 a - a +0 war axe
 j - a +1 dagger of venom
Armour
 b - a +0 scale mail (worn)
 c - a +0 shield (worn)
 e - a +0 pair of gloves (worn)
 i - a +0 plate armour
Scrolls
 g - a scroll of noise (in hand) {unknown}
Potions
 d - a potion of might
Comestibles
 f - a bread ration

Dungeon Overview and Level Annotations

Branches:
Dungeon (2/15)

Altars:


Message History

The hobgoblin barely misses you.
The hobgoblin hits you but does no damage.
You hit the hobgoblin.
You kill the hobgoblin!
You feel very sick.
No target in view!
No target in view!
You feel sick.
Found a club.
You see here a dagger of venom.
j - a dagger of venom You feel sick.
There is a lethal amount of poison in your body!
There is a lethal amount of poison in your body!
Drink which item? (? for menu, Esc to quit)
It was a potion of invisibility.
You fade into invisibility!
You feel sick.
You are very lightly contaminated with residual magic.
There is a lethal amount of poison in your body!
Wield which item (- for none, * to show all)? (? for menu, Esc to quit)
g - a scroll labeled TADDECS XYTISCH (in hand)
You swing at nothing.
You feel very sick.
You swing at nothing.
You feel sick.
You swing at nothing.
You feel sick.
You swing at nothing.
You feel sick.
You swing at nothing.
You feel sick.
You swing at nothing.
You feel sick.
You swing at nothing.
You feel sick.
You swing at nothing.
You feel sick.
You swing at nothing.
You feel sick.
You swing at nothing.
You feel sick.
You swing at nothing.
You feel sick.
You swing at nothing.
You flicker for a moment.
You swing at nothing.
You feel sick.
You swing at nothing.
You swing at nothing.
You flicker back into view.
You feel sick.
You swing at nothing.
You swing at nothing.
You feel sick.
You swing at nothing.
You swing at nothing.
You swing at nothing.
You feel sick.
You swing at nothing.
You swing at nothing.
You swing at nothing.
You die...

#.#.# ...######
..#.###########........
.............##........
.......................
##.............).......
##................#####
##...........###%.##
##...........# #...#
##...........# #@#.#
########....## #.......
# #....# ##...... #
#....# ...... # #....#
...... #....# #.....
#....# )...# #....#
#....#


There were no monsters in sight!

Action                   || total
-------------------------++-------
Melee: War axe           ||    68
  Use: Potion            ||     1
Armor: Scale mail        ||    43
Dodge: Dodged            ||    14
Block: Shield            ||    27

Notes
Turn   | Place    | Note
--------------------------------------------------------------
     0 | D:1      | Duffy the Demonspawn Fighter began the quest for the Orb.
     0 | D:1      | Reached XP level 1. HP: 18/18 MP: 1/1
    34 | D:2      | Reached skill level 2 in Axes
    98 | D:2      | Gained mutation: You are partially covered in rugged brown scales (AC +1, +3% HP). [demonic ancestry]
    98 | D:2      | Reached XP level 2. HP: 11/24 MP: 2/2
   407 | D:1      | Reached skill level 3 in Axes
   584 | D:1      | Gained mutation: You are slightly more attuned to the shadows. [demonic ancestry]
   584 | D:1      | Reached XP level 3. HP: 28/29 MP: 3/3
   619 | D:1      | Succumbed to a hobgoblin's poison

Skill      XL: |  1  2 |
---------------+-------+-----
Axes           | 2 3 |  3.2
Fighting       | |  3.0
Armour         | |  2.6
Shields        | |  2.6

Vault maps used:
D:1:      dpeg_arrival_rooms_with_view

Vanquished Creatures
  An adder
  2 bats
  3 giant cockroaches
  2 goblins
  4 hobgoblins
  3 kobolds
  2 ball pythons
  2 giant newts
  A rat
20 creatures vanquished.
